AoeStats
← Morris=w=

Lombardia

509031454Analyzed
4v4 RM · 7d ago on Sep 25, 2026· 46m 51s· 8 players
Game mode
Random Map
Map size
Large (8 player)
Population
200
Speed
Normal
Resources
Standard
Victory
Conquest
Starting age
Dark Age
Ending age
Imperial Age
RankedLock teamsTeams togetherTeam positionsShared explorationLock speedFull tech treeHidden civsTurbo modeCheats
Victory
Defeat
🇨🇳 Burgundians · China
1744
+13
1638
+17
🇲🇽 Turks · Mexico
1595
+19
🇺🇸 Danes · United States
1589
+19
🇺🇸 Slavs · United States
1820
-22
🇻🇳 Khmer · Vietnam
1668
-17
🇺🇸 Magyars · United States
1661
-17
🇭🇰 Mongols · Hong Kong SAR China
1534
-12
Bubbagump
5:08 Loom
8:22 Feudal Age
12:58 Double-Bit Axe
12:57 Horse Collar
19:13 Castle Age
17:30 Gold Mining
18:29 Bloodlines
18:26 Scale Barding Armor
20:20 Bow Saw
21:08 Wheelbarrow
21:19 Heavy Plow
23:40 Hand Cart
25:10 Stone Mining
28:26 Gold Shaft Mining
27:39 Town Watch
28:10 Bloodlines
28:00 Husbandry
30:37 Imperial Age
28:30 Husbandry
28:36 Scale Barding Armor
29:07 Forging
29:47 Chain Barding Armor
29:51 Detinets
31:44 Iron Casting
30:50 Elite Boyar
32:11 Plate Barding Armor
32:01 Masonry
33:00 Conscription
34:55 Blast Furnace
34:57 Two-Man Saw
34:53 Fletching
35:24 Ballistics
35:41 Caravan
36:12 Coinage
36:35 Hoardings
36:06 Bodkin Arrow
38:34 Padded Archer Armor
嗚
9:18 Feudal Age
8:46 Loom
9:57 Double-Bit Axe
12:16 Horse Collar
15:21 Bloodlines
16:28 Scale Barding Armor
18:16 Wheelbarrow
22:44 Castle Age
21:05 Gold Mining
23:37 Bow Saw
24:54 Hand Cart
24:46 Stone Mining
25:35 Gold Shaft Mining
27:06 Light Cavalry
27:49 Husbandry
35:01 Imperial Age
33:23 Heavy Plow
33:23 Fletching
33:34 Padded Archer Armor
35:00 Bodkin Arrow
35:21 Leather Archer Armor
35:30 Corvinian Army
36:08 Conscription
35:51 Bracer
36:00 Thumb Ring
35:44 Heavy Cavalry Archer
38:12 Two-Man Saw
38:07 Parthian Tactics
40:41 Chemistry
41:09 Ballistics
42:29 Recurve Bow
43:53 Ring Archer Armor
43:44 Chain Barding Armor
45:53 Hoardings
45:32 Masonry
Morris=w=
6:11 Loom
8:57 Feudal Age
9:48 Double-Bit Axe
12:50 Horse Collar
19:38 Castle Age
19:10 Gold Mining
20:34 Bow Saw
23:20 Town Watch
24:24 Fletching
25:07 Bodkin Arrow
28:01 Ballistics
32:44 Wheelbarrow
33:09 Husbandry
33:20 Bloodlines
35:27 Fortified Wall
38:15 Imperial Age
36:32 Nomads
36:52 Hand Cart
37:27 Padded Archer Armor
38:19 Elite Mangudai
39:16 Bracer
40:20 Conscription
40:23 Leather Archer Armor
40:52 Gold Shaft Mining
41:05 Parthian Tactics
42:16 Chemistry
42:38 Onager
45:16 Siege Onager
Đà Lạt
10:11 Feudal Age
11:08 Double-Bit Axe
11:04 Horse Collar
19:21 Castle Age
17:58 Stone Mining
22:07 Bow Saw
23:47 Wheelbarrow
25:17 Hand Cart
31:13 Imperial Age
29:06 Heavy Plow
29:37 Gold Mining
30:24 Stone Shaft Mining
32:12 Fletching
32:48 Bodkin Arrow
32:27 Pikeman
33:00 Elite Ballista Elephant
33:57 Bracer
33:24 Halberdier
35:06 Chemistry
34:16 Loom
35:09 Ballistics
35:28 Padded Archer Armor
35:40 Forging
37:15 Conscription
37:55 Caravan
38:31 Scale Mail Armor
39:07 Iron Casting
39:04 Tusk Swords
41:58 Coinage
42:39 Fortified Wall
42:41 Capped Ram
44:36 Siege Ram
46:11 Siege Engineers
46:16 Masonry
DS_SayGG
6:35 Loom
9:05 Feudal Age
9:29 Man-at-Arms
10:33 Double-Bit Axe
21:12 Castle Age
19:23 Horse Collar
19:51 Fletching
21:22 Crossbowman
25:31 Wheelbarrow
24:56 Padded Archer Armor
24:52 Bodkin Arrow
27:03 Bow Saw
27:07 Padded Archer Armor
27:37 Gold Mining
27:51 Stone Mining
29:15 Heavy Plow
35:10 Imperial Age
32:58 Hand Cart
32:29 Town Watch
33:20 Squires
33:05 Arson
33:21 Scale Mail Armor
33:32 Forging
34:51 Chain Mail Armor
35:40 Iron Casting
34:51 Gambesons
35:38 Elite Varangian Guard
37:52 Plate Mail Armor
38:23 Blast Furnace
37:53 Hamask
38:54 Conscription
38:43 Onager
40:40 Siege Onager
42:00 Caravan
42:32 Northmen's Fury
44:40 Capped Ram
46:44 Siege Engineers
UrielFlocru
7:49 Loom
10:39 Feudal Age
15:06 Castle Age
14:15 Double-Bit Axe
14:11 Horse Collar
20:25 Heavy Plow
23:09 Bow Saw
23:55 Town Watch
27:00 Wheelbarrow
30:34 Imperial Age
28:36 Scale Barding Armor
28:59 Gold Mining
29:25 Hand Cart
29:16 Town Patrol
30:06 Stone Mining
30:34 Bloodlines
30:24 Husbandry
30:58 Chain Barding Armor
32:01 Forging
32:17 Bombard Tower
32:34 Plate Barding Armor
31:45 Heavy Camel Rider
33:56 Iron Casting
34:13 Conscription
34:25 Ballistics
36:07 Blast Furnace
35:59 Artillery
44:00 Caravan
47:08 Treadmill Crane
CTM | black forest best map
9:19 Feudal Age
9:56 Horse Collar
10:02 Double-Bit Axe
11:30 Loom
17:10 Castle Age
17:02 Stone Mining
18:43 Bow Saw
18:36 Heavy Plow
19:39 Heavy Plow
23:35 Wheelbarrow
26:51 Gold Mining
28:51 Scale Barding Armor
31:41 Imperial Age
30:18 Bloodlines
30:08 Husbandry
31:50 Ballistics
32:13 Chain Barding Armor
32:43 Hand Cart
33:52 Plate Barding Armor
35:57 Chemistry
35:38 Siege Engineers
36:44 Gold Shaft Mining
36:47 Crop Rotation
36:39 Elite Ballista Elephant
38:04 Stone Shaft Mining
37:47 Caravan
38:35 Fortified Wall
39:51 Double Crossbow
39:54 Town Watch
40:51 Conscription
41:24 Hoardings
41:03 Forging
45:06 Iron Casting
44:34 Tusk Swords
47:18 Blast Furnace
day in, day out
5:04 Double-Bit Axe
10:19 Feudal Age
10:31 Horse Collar
11:13 Bow Saw
14:40 Heavy Plow
17:42 Castle Age
18:46 Heavy Plow
20:40 Wheelbarrow
22:33 Squires
24:40 Gold Mining
27:11 Scale Barding Armor
29:48 Imperial Age
27:25 Husbandry
27:41 Loom
28:44 Hand Cart
28:20 Cavalier
29:25 Forging
30:24 Chain Barding Armor
31:29 Paladin
33:39 Plate Barding Armor
33:40 Iron Casting
34:31 Conscription
35:44 Chemistry
34:54 Fortified Wall
35:05 Ballistics
35:13 Town Watch
36:00 Crop Rotation
36:05 Gold Shaft Mining
36:22 Caravan
39:54 Blast Furnace
43:55 Light Cavalry
Connection lost

Rejoining the realm…

Still unreachable

The connection could not be restored.

Session expired

The server has moved on; the page needs a fresh start.